 Dungeon Crawl Stone Soup version 0.31-a0-986-g5e6e4ef867 (webtiles) character file.

Game seed: 14644131724726491943

28681 dialectric the Imperceptible (level 13, -3/65 HPs)
             Began as a Spriggan Delver on Nov 19, 2023.
             Was an Elder of Dithmenos.
             Killed from afar by an efreet (24 damage)
             ... with a fireball
             ... on level 14 of the Dungeon.
             The game lasted 00:43:04 (15478 turns).

dialectric the Imperceptible (Spriggan Delver)     Turns: 15478, Time: 00:43:05

Health: -3/65      AC:  5    Str: 14    XL:     13   Next: 11%
Magic:  19/19      EV: 25    Int: 12    God:    Dithmenos [****..]
Gold:   1099       SH:  0    Dex: 21    Spells: 19/22 levels left

rFire   . . .        w - +7 rapier (flame)
rCold   . . .        (no shield)
rNeg    . . .        E - +2 robe {Will+}
rPois   .            (helmet restricted)
rElec   +            O - +0 cloak
rCorr   .            (gloves unavailable)
SInv    +            (boots unavailable)
Will    +++..        (no amulet) Stlth ****++++++
                     L - ring "Yrytos" {Wiz Stlth+}
HPRegen 0.30/turn    u - +6 ring of strength
MPRegen 0.16/turn

%: wizardry (x1)
@: wreathed by umbra, very quick
A: very small, no large weapons, unfitting armour, see invisible, speed 3, low
MP 1, electricity resistance
a: Renounce Religion, Shadow Step


You were on level 14 of the Dungeon.
You worshipped Dithmenos.
Dithmenos was greatly pleased with you.
You visited 4 branches of the dungeon, and saw 17 of its levels.
You also visited: Bailey and Ice Cave.

You collected 1424 gold pieces.
You spent 325 gold pieces at shops.

Inventory:

Hand Weapons
 t - a +1 dagger of protection
 w - a +7 rapier of flaming (weapon)
 G - a +4 vampiric trident
Missiles
 d - 16 boomerangs (quivered)
 h - 4 throwing nets
 n - 5 curare-tipped darts
 I - 18 poisoned darts
Armour
 i - +1 acid dragon scales
 E - a +2 robe of willpower (worn)
 H - an orb of mayhem
 K - +0 steam dragon scales
 O - a +0 cloak (worn)
Jewellery
 j - a ring of positive energy
 u - a +6 ring of strength (right hand)
 D - a ring of protection from fire
 L - the ring "Yrytos" (left hand) {Wiz Stlth+}
   (You found it on level 11 of the Dungeon)

   [ring of wizardry]

   Wiz:       It improves your spell success rate.
   Stlth+:    It makes you more stealthy.
 M - an amulet of reflection
Talismans
 r - a storm talisman
 s - a flux talisman
 C - a maw talisman
Wands
 b - a wand of roots (10)
 e - a wand of polymorph (8)
 N - a wand of flame (6)
 P - a wand of charming (3)
 S - a wand of acid (5)
Scrolls
 a - 5 scrolls of teleportation
 c - a scroll of fog
 g - 3 scrolls of blinking
 o - a scroll of brand weapon
 x - 3 scrolls of noise
 y - 5 scrolls of identify
 A - 2 scrolls of fear
 B - 6 scrolls of amnesia
 J - a scroll of poison
 R - a scroll of acquirement {unknown}
Potions
 f - 3 potions of haste
 k - a potion of resistance
 l - 3 potions of invisibility
 m - 2 potions of mutation
 p - 3 potions of attraction
 q - 2 potions of cancellation
 v - a potion of degeneration
 z - 4 potions of curing
 F - a potion of lignification
 Q - a potion of heal wounds


   Skills:
 - Level 6.0 Fighting
 + Level 13.2 Short Blades
 - Level 1.2 Throwing
 - Level 10.0 Dodging
 + Level 21.6 Stealth
 + Level 5.2 Spellcasting
 + Level 2.1 Conjurations
 + Level 3.5 Hexes
 + Level 0.8 Invocations
 - Level 4.1 Evocations


You had 19 spell levels left.
You knew the following spells:

 Your Spells              Type           Power      Damage    Failure   Level
a - Dazzling Flash        Conj/Hex       20%        N/A       8%          3

Your spell library contained the following spells:

 Spells                   Type           Power      Damage    Failure   Level
 Silence                  Hex/Air        3%         N/A       67%         5
 Agony                    Necr           3%         N/A       89%         5
 Conjure Ball Lightning   Conj/Air       2%         3x3d6     99%         6
 Discord                  Hex            5%         N/A       100%        8
 Disjunction              Tloc           1%         N/A       100%        8


Dungeon Overview and Level Annotations

Branches:
Dungeon (14/15)            Temple (1/1) D:4            Lair (1/5) D:9
    Orc (1/2) D:11         Vaults (0/5) D:13         Bailey (visited)
  IceCv (visited)

Altars:
Ashenzari
Cheibriados
Dithmenos
Elyvilon
Fedhas
Gozag
Hepliaklqana
Kikubaaqudgha
Makhleb
Nemelex Xobeh
Okawaru
Qazlal
Ru
Sif Muna
Trog
Uskayaw
Vehumet
Wu Jian
Xom
Yredelemnul
Zin
The Shining One

Shops:
D:2 ?   D:11 (

Annotations:
D:1 1 transporter
D:3 Grinder
D:14 Snorg


Innate Abilities, Weirdness & Mutations

You are very small and have problems with some larger weapons.
You are too small for most types of armour.
You have supernaturally acute eyesight. (SInv)
You cover ground extremely quickly. (Speed+++)
Your magical capacity is low. (-10% MP)
You are resistant to electric shocks. (rElec)


Message History

You kill the polar bear!
Dithmenos accepts your kill.
You see here a rime drake corpse.
An ice dragon and 2 white ugly things come into view.
A polar bear comes into view.
A polar bear and an ice dragon come into view.
You see here a rime drake corpse.
There is an ice choked empty arch of ancient stone here.
There is an ice covered gate leading back out of this place here.
Welcome back to the Dungeon!
There is a collapsed entrance here.
Unknown command.
Unknown command.
Magic restored.
HP restored.
There is an open door here.
You open the door.
There is an open door here.
You open the door.
There is an open door here.
An efreet comes into view.
It is wielding a +2 scimitar of flaming.
An efreet is nearby!
Snorg the Insatiable comes into view.
Snorg shouts!
The efreet gestures at you. The bolt of fire hits you!!
A flash of anger passes briefly over Snorg's face.
The efreet hits you with a +2 scimitar of flaming!!
The efreet burns you!
You are too injured to fight recklessly!
You are too injured to fight recklessly!
You are too injured to fight recklessly!
You are too injured to fight recklessly!
You are too injured to fight recklessly!
You are too injured to fight recklessly!
You are too injured to fight recklessly!
Unknown command.
The efreet gestures at you.
The fireball explodes!
The fireball engulfs you!!
You die...

.............####### #..
.............########...
........................
........................
################....##+#
#..............
#...........T..
#..............
#......@.......
+..........#.##
#.......R..#...
#..........# ##
#..........#
####....##.# #....# .#
#....# .# #....+


You could see Snorg and an efreet.

Vanquished Creatures
  An entropy weaver (D:13)
  A peacekeeper (D:13)
  Erica (D:11)
  2 boulder beetles (D:11)
  4 centaur warriors
  A two-headed ogre (D:12)
  An orc knight (Bailey)
  2 ugly things
  2 cyclopes
  A manticore (D:12)
  Maurice (D:11)
  2 elephants (D:9)
  An ice statue (D:14)
  A gargoyle (D:13)
  Jeremiah (D:9)
  Maggie (D:9)
  2 komodo dragons
  A rime drake (IceCv)
  2 kobold demonologists
  A troll (D:13)
  2 polar bears (IceCv)
  2 hornets
  A centaur simulacrum (D:14)
  7 yaks
  A wraith (D:14)
  A steam dragon (D:8)
  Menkaure (D:7)
  An acid dragon (D:11)
  Edmund (D:5)
  3 water moccasins
  9 orc warriors
  A swamp drake (shapeshifter) (D:13)
  3 black bears
  A sky beast (D:6)
  An ogre (D:6)
  A wolf (Bailey)
  4 centaurs
  5 bullfrogs
  3 kobold brigands
  3 scorpions
  2 gnoll sergeants
  4 wights
  5 killer bees
  2 howler monkeys (D:8)
  3 hounds
  7 orc priests
  6 iguanas
  12 orc wizards
  28 gnolls
  14 adders
  2 shadow imps
  A white imp (D:6)
  6 ufetubi
  3 dart slugs
  37 orcs
  5 bats
  5 endoplasms
  2 giant cockroaches (D:1)
  9 goblins
  9 hobgoblins
  6 jackals
  7 ball pythons
  2 frilled lizards
  15 kobolds
  4 rats
276 creatures vanquished.

Vanquished Creatures (collateral kills)
  A yak (D:10)
  3 orc warriors (Bailey)
  4 killer bees (D:10)
  An orc wizard (D:10)
  A gnoll (Bailey)
  4 orcs
  2 goblins (Bailey)
  4 hobgoblins (Bailey)
20 creatures vanquished.

Vanquished Creatures (others)
  4 orc warriors (Bailey)
  An orc wizard (D:10)
  A hobgoblin (Bailey)
6 creatures vanquished.

Grand Total: 302 creatures vanquished

Notes
Turn   | Place    | Note
-------+----------+-------------------------------------------
     0 | D:5      | dialectric the Spriggan Delver began the quest for the Orb.
     0 | D:5      | Reached XP level 1. HP: 11/11 MP: 2/2
     3 | D:5      | Noticed an iguana
    11 | D:5      | Killed an iguana
    12 | D:5      | Reached skill level 8 in Stealth
    12 | D:5      | Reached XP level 2. HP: 16/16 MP: 3/3
    55 | D:5      | Found a burning altar of Makhleb.
    68 | D:5      | Noticed a gnoll sergeant
    70 | D:5      | Noticed an ogre
   141 | D:4      | Found a staircase to the Ecumenical Temple.
   150 | D:4      | Reached XP level 3. HP: 19/19 MP: 4/4
   157 | Temple   | Entered the Ecumenical Temple
   196 | D:4      | Found a blossoming altar of Fedhas.
   204 | D:4      | Noticed a black bear
   287 | D:4      | Reached skill level 9 in Stealth
   287 | D:4      | Reached XP level 4. HP: 23/23 MP: 5/5
   299 | D:3      | Noticed Grinder
   386 | D:4      | Noticed a scorpion
   632 | D:3      | Paralysed by Grinder for 2 turns
   850 | D:4      | Reached skill level 10 in Stealth
   850 | D:4      | Reached XP level 5. HP: 24/27 MP: 6/6
   888 | D:4      | HP: 1/27 [ufetubus (1)]
  1445 | D:3      | Found a faded altar of an unknown god.
  1790 | D:1      | Found a transporter.
  2331 | D:2      | Found Jenlorir's Magic Scroll Shoppe.
  2337 | D:2      | Bought a scroll of blinking for 75 gold pieces
  2613 | D:2      | Reached XP level 6. HP: 32/32 MP: 7/7
  3277 | D:5      | Noticed Edmund
  3411 | D:7      | Found a shimmering blue altar of Sif Muna.
  3411 | D:7      | Found an ornate altar of the Wu Jian Council.
  3411 | D:7      | Found a basalt altar of Yredelemnul.
  3411 | D:7      | Found a broken altar of Ashenzari.
  3411 | D:7      | Found a hide-covered altar of Uskayaw.
  3412 | D:7      | Found a shadowy altar of Dithmenos.
  3412 | D:7      | Found an ancient bone altar of Kikubaaqudgha.
  3413 | D:7      | Found a white marble altar of Elyvilon.
  3421 | D:7      | Became a worshipper of Dithmenos the Shadowed
  3741 | D:7      | Noticed a water moccasin
  3935 | D:5      | Reached skill level 11 in Stealth
  4285 | D:5      | Reached skill level 1 in Throwing
  4288 | D:5      | Found a shimmering altar of Xom.
  4428 | D:5      | Reached XP level 7. HP: 27/36 MP: 8/8
  4735 | D:8      | Gained mutation: Your magical capacity is low. (-10% MP)
                  | [potion of mutation]
  4735 | D:8      | Gained mutation: You are resistant to electric shocks.
                  | (rElec) [potion of mutation]
  4775 | D:8      | Found a sparkling altar of Nemelex Xobeh.
  4933 | D:6      | Reached skill level 5 in Dodging
  5359 | D:8      | Reached skill level 12 in Stealth
  5359 | D:8      | Reached skill level 1 in Evocations
  5670 | D:9      | Noticed a hornet
  5677 | D:9      | Killed a hornet
  5678 | D:9      | Reached skill level 5 in Short Blades
  5678 | D:9      | Reached XP level 8. HP: 39/40 MP: 8/8
  6000 | D:9      | Noticed an elephant
  6003 | D:9      | Reached skill level 13 in Stealth
  6012 | D:9      | Killed an elephant
  6013 | D:9      | Reached skill level 14 in Stealth
  6199 | D:9      | Noticed Maggie
  6206 | D:9      | Killed Maggie
  6207 | D:9      | Reached XP level 9. HP: 44/44 MP: 9/9
  6207 | D:9      | Noticed Jeremiah
  6216 | D:9      | Killed Jeremiah
  6217 | D:9      | Reached skill level 15 in Stealth
  6345 | D:8      | Reached * piety under Dithmenos
  6519 | D:9      | Found a staircase to the Lair.
  6519 | D:9      | Noticed an elephant
  6522 | D:9      | Killed an elephant
  6528 | Lair:1   | Entered Level 1 of the Lair of Beasts
  6528 | Lair:1   | Noticed a torpor snail
  6528 | Lair:1   | Noticed a death yak
  6528 | Lair:1   | Noticed a death yak
  6547 | D:10     | Entered Level 10 of the Dungeon
  6975 | D:7      | Noticed Menkaure
  7213 | D:10     | Noticed a troll
  7324 | D:10     | Reached skill level 16 in Stealth
  7419 | D:10     | Found a flagged portal.
  7429 | Bailey   | Entered a bailey
  7711 | Bailey   | Reached ** piety under Dithmenos
  7732 | Bailey   | Noticed an orc knight
  7787 | Bailey   | Killed an orc knight
  7788 | Bailey   | Reached XP level 10. HP: 49/49 MP: 10/10
  7899 | Bailey   | Noticed an orc warlord
  8044 | Bailey   | Reached skill level 10 in Dodging
  8170 | Bailey   | Learned a level 3 spell: Dazzling Flash
  9037 | D:7      | Killed Menkaure
  9754 | D:3      | Reached *** piety under Dithmenos
 10167 | D:2      | Bought a scroll of fear for 40 gold pieces
 10167 | D:2      | Bought a scroll of fear for 40 gold pieces
 10167 | D:2      | Bought a scroll of enchant weapon for 75 gold pieces
 10167 | D:2      | Bought a scroll of brand weapon for 95 gold pieces
 10428 | D:5      | Killed Edmund
 10639 | D:6      | Reached skill level 17 in Stealth
 12236 | D:11     | Reached **** piety under Dithmenos
 12237 | D:11     | Reached skill level 10 in Short Blades
 12239 | D:11     | Found a staircase to the Orcish Mines.
 12239 | D:11     | Found Pouk's Weapon Boutique.
 12533 | D:11     | Noticed a boulder beetle
 12538 | D:11     | Killed a boulder beetle
 12539 | D:11     | Reached XP level 11. HP: 32/54 MP: 10/10
 12625 | D:11     | Noticed a boulder beetle
 12632 | D:11     | Killed a boulder beetle
 12633 | D:11     | Reached skill level 18 in Stealth
 12634 | D:11     | Identified the ring "Yrytos" {Wiz Stlth+}
 12812 | D:11     | Noticed Erica
 12819 | D:11     | Killed Erica
 13057 | D:11     | Noticed Maurice
 13064 | D:11     | Killed Maurice
 13074 | D:11     | Reached skill level 5 in Fighting
 13074 | D:11     | Reached skill level 19 in Stealth
 13074 | D:11     | Reached skill level 5 in Spellcasting
 13074 | D:11     | Reached XP level 12. HP: 60/60 MP: 10/18
 13708 | Gauntlet | Identified the of Busoru
 13708 | Gauntlet | Identified the "Fiotosiu"
 13708 | Orc:1    | Entered Level 1 of the Orcish Mines
 13939 | D:12     | Noticed a two-headed ogre
 13942 | D:12     | Killed a two-headed ogre
 14322 | D:13     | Noticed an entropy weaver
 14324 | D:13     | Noticed a peacekeeper
 14325 | D:13     | Found a gate to the Vaults.
 14327 | D:13     | Killed a peacekeeper
 14331 | D:13     | Killed an entropy weaver
 14377 | D:13     | Noticed a centaur warrior
 14379 | D:13     | Killed a centaur warrior
 14380 | D:13     | Reached skill level 20 in Stealth
 14727 | D:13     | Noticed a centaur warrior
 14731 | D:13     | Killed a centaur warrior
 14847 | D:13     | Noticed a centaur warrior
 14866 | D:13     | Killed a centaur warrior
 14867 | D:13     | Reached skill level 21 in Stealth
 15175 | D:14     | Reached XP level 13. HP: 54/65 MP: 19/19
 15325 | D:14     | Found a frozen archway.
 15346 | IceCv    | Entered an ice cave
 15472 | D:14     | Noticed Snorg
 15478 | D:14     | Killed from afar by an efreet

Illustrated notes

Levels and vault maps discovered:
D:1:      spicycebolla_arrival_risky_transporter, layout_rooms,
          hangedman_decor_slide_cut
D:2:      layout_loops_ring, serial_shops, shop
D:3:      layout_basic, hellmonk_ecumenical_altar_run_dry,
          kennysheep_generic_room_5, uniq_grinder
D:4:      layout_loops_ring, fedhas_ov_isle_minmay,
          minmay_temple_entry_crystal_x, minmay_statues_item
D:5:      layout_basic, makhleb_heckhound_becter, mainiacjoe_overflow_catwalk,
          uniq_edmund
D:6:      layout_basic, mrwooster_statue_mirror, dk_noncrumbling_3
D:7:      layout_basic, grunt_temple_overflow_open,
          chequers_serial_rivers_marsh, uniq_menkaure
D:8:      minmay_polygon_palace, layout_gridville,
          nemelex_xobeh_ov_fountains_minmay
D:9:      layout_irregular_city, grunt_lair_entry_orc_guard_hut, uniq_jeremiah,
          uniq_maggie
D:10:     layout_long_grid, enter_bailey_4
D:11:     layout_basic, orc_david_3, uniq_erica, uniq_maurice
D:12:     nzn_winding_woodlands_huge [nzn_winding_woodlands_5x15_pockets,
          nzn_winding_woodlands_5x15_sidewinder,
          nzn_winding_woodlands_5x15_zeroes,
          nzn_winding_woodlands_5x15_pathside_ponds,
          nzn_winding_woodlands_5x15_garden, nzn_winding_woodlands_5x15_eye,
          nzn_winding_woodlands_5x15_concentric,
          nzn_winding_woodlands_5x15_parted,
          nzn_winding_woodlands_5x15_split_checker,
          nzn_winding_woodlands_5x15_crooked,
          nzn_winding_woodlands_center_diamonds,
          nzn_winding_woodlands_center_lodge,
          nzn_winding_woodlands_15x15_boxy_spiral], layout_basic,
          nicolae_uskayaw_murder_on_the_dancefloor, uniq_josephine
D:13:     layout_roguey, hellmonk_vaults_order_and_chaos
D:14:     layout_grid_maze, serial_ice, serial_ice_g, serial_ice_b,
          serial_ice_a, serial_ice_j, portal_ice_cave_entry_ice_statue_one,
          minivault_27, feat_on_display, uniq_snorg
Temple:   eino_wide_crystal_templ
Lair:1:   layout_small_grid, cheibrodos_lair_lostbears
Orc:1:    layout_caves, mines2_david

Skill      XL: |  1  2  3  4  5  6  7  8  9 10 11 12 |
---------------+-------------------------------------+-----
Stealth        | 8 9 10 11 12 14 16 17 19 21 | 21.6
Dodging        | 3 4 6 7 9 10 | 10.0
Short Blades   | 3 5 6 7 10 11 13 | 13.2
Fighting       | 3 4 5 6 |  6.0
Throwing       | 1 |  1.2
Evocations     | 1 2 4 |  4.1
Spellcasting   | 5 |  5.2
Conjurations   | 2 |  2.1
Hexes          | 3 |  3.5
Invocations    | |  0.8

Action                     |  1- 3 |  4- 6 |  7- 9 | 10-12 | 13-15 || total
---------------------------+-------+-------+-------+-------+-------++-------
  Melee: Short sword       |    19 |   138 |       |       |       ||   157
         Punch             |       |     4 |     3 |     4 |       ||    11
         Dagger            |       |   120 |   356 |   408 |       ||   884
         Rapier            |       |       |       |   350 |    18 ||   368
  Throw: Dart              |       |    31 |    23 |       |       ||    54
         Boomerang         |       |       |     2 |    13 |       ||    15
   Cast: Dazzling Flash    |       |       |       |     1 |       ||     1
 Invoke: Shadow Step       |       |       |       |     1 |     1 ||     2
  Evoke: Wand              |       |     6 |    16 |     3 |       ||    25
    Use: Potion            |       |     4 |     4 |     3 |       ||    11
         Scroll            |       |     5 |     9 |    16 |       ||    30
   Stab: Sleeping          |     4 |    24 |    19 |    37 |     5 ||    89
         Distracted        |       |       |     1 |    10 |       ||    11
 Armour: Robe              |     4 |   107 |    86 |   129 |     4 ||   330
         Skin              |       |       |     5 |     3 |       ||     8
  Dodge: Dodged            |    10 |   246 |   274 |   618 |     6 ||  1154

Table legend: (Time is in decaauts)
 A = Elapsed time spent in this place.
 B = Non-inter-level travel time spent in this place.
 C = Inter-level travel time spent in this place.
 D = Time resting spent in this place.
 E = Time spent auto-exploring this place.
 F = Levels seen in this place.
 G = Mean time per level.
                   A        B        C        D        E       F      G
               +--------+--------+--------+--------+--------+-----+--------+
         Total |  10797 |  10474 |    323 |    782 |   5064 |  19 |  568.3 |
       Dungeon |   9843 |   9520 |    323 |    477 |   5033 |  14 |  703.1 |
        Temple |     16 |     16 |      0 |      0 |      0 |   1 |   16.0 |
          Lair |      5 |      5 |      0 |      0 |      0 |   1 |    5.0 |
  Orcish Mines |     62 |     62 |      0 |      0 |     18 |   1 |   62.0 |
        Bailey |    852 |    852 |      0 |    304 |     11 |   1 |  852.0 |
      Ice Cave |     17 |     17 |      0 |      0 |      0 |   1 |   17.0 |
               +--------+--------+--------+--------+--------+-----+--------+

Top non-repeatable levels by time:
     D:8: 1479 daAuts
     D:4: 1088 daAuts
     D:7: 1027 daAuts
    D:11: 999 daAuts
  Bailey: 852 daAuts
     D:3: 782 daAuts
     D:6: 775 daAuts
     D:9: 704 daAuts
    D:13: 580 daAuts
     D:2: 534 daAuts
    D:10: 519 daAuts
     D:5: 511 daAuts
     D:1: 306 daAuts
    D:14: 282 daAuts
    D:12: 250 daAuts
